 Dungeon Crawl Stone Soup version 0.30-a0-358-g0d69a1922f (webtiles) character file.

Game seed: 17618861168399987343

71239 hikkokomori the Devastator (level 15, 0/90 HPs)
             Began as a Tengu Conjurer on Nov 10, 2022.
             Was a High Priest of Vehumet.
             Hit by a large rock thrown by a cyclops (36 damage)
             ... on level 2 of the Orcish Mines on Nov 11, 2022.
             The game lasted 02:27:59 (27953 turns).

hikkokomori the Devastator (Tengu Conjurer)        Turns: 27953, Time: 02:28:00

Health: 0/90       AC:  8    Str:  7    XL:     15   Next: 36%
Magic:  30/30      EV: 19    Int: 25    God:    Vehumet [*****.]
Gold:   765        SH:  6    Dex: 17    Spells: 1/35 levels left

rFire   . . .      SeeInvis +    O - +9 flail of Quick Death {vorpal, rElec rPois Int+3}
rCold   . . .      Faith    .    m - +0 buckler
rNeg    . . .      Spirit   .    K - +2 troll leather armour
rPois   +          Reflect  .    x - +0 hat
rElec   +          Harm     .    B - +0 cloak
rCorr   .          Rampage  .    (no gloves)
Will    +....                    (boots unavailable)
Stlth   ++++......               p - amulet of the acrobat
HPRegen 1.15/turn                H - ring of poison resistance
MPRegen 0.22/turn                S - ring of see invisible

@: flying quickly and evasively, quick
A: beak, talons 3, nimble flight
a: Renounce Religion


You were on level 2 of the Orcish Mines.
You worshipped Vehumet.
Vehumet was extremely pleased with you.
You visited 4 branches of the dungeon, and saw 23 of its levels.
You also visited: Sewer, Bailey and Ice Cave.

You collected 1667 gold pieces.
You spent 902 gold pieces at shops.

Inventory:

Hand Weapons
 u - a +0 shortbow of flaming
 y - a +2 dagger of speed
 C - a +1 antimagic dagger
 F - a +7 double sword of venom
 O - the +9 flail of Quick Death (weapon) {vorpal, rElec rPois Int+3}
   (You found it on level 2 of the Lair of Beasts)

   It inflicts extra damage upon your enemies.
   Int:       It affects your intelligence (+3).
   rElec:     It insulates you from electricity.
   rPois:     It protects you from poison.
Missiles
 d - 6 curare-tipped darts
 V - 3 throwing nets
Armour
 a - a +0 robe
 m - a +0 buckler (worn)
 x - a +0 hat (worn)
 B - a +0 cloak (worn)
 K - a +2 troll leather armour (worn)
Magical Staves
 A - a staff of fire
Jewellery
 p - an amulet of the acrobat (around neck)
 v - an amulet of guardian spirit
 H - a ring of poison resistance (left hand)
 S - a ring of see invisible (right hand)
Wands
 l - a wand of charming (4)
 N - a wand of roots (14)
 Q - a wand of flame (17)
 R - a wand of digging (1)
 T - a wand of mindburst (5)
Scrolls
 k - 3 scrolls of vulnerability
 o - 3 scrolls of poison
 s - 2 scrolls of silence
 t - 3 scrolls of torment
 w - 5 scrolls of amnesia
 E - 5 scrolls of teleportation
 J - 2 scrolls of fear
 L - 3 scrolls of butterflies
 M - 4 scrolls of identify
 U - 3 scrolls of magic mapping
Potions
 b - 3 potions of magic
 f - 5 potions of haste
 g - a potion of brilliance
 h - 3 potions of attraction
 i - 7 potions of heal wounds
 j - 3 potions of lignification
 n - 5 potions of cancellation
 q - 3 potions of might
 r - 7 potions of mutation
 z - 10 potions of curing
 G - 4 potions of resistance
Miscellaneous
 e - a phial of floods
 I - a piece from Xom's chessboard (15/15)
 P - a phantom mirror


   Skills:
 - Level 9.2 Fighting
 - Level 2.1 Short Blades
 - Level 5.0 Maces & Flails
 - Level 4.6 Armour
 + Level 10.2 Dodging
 + Level 8.1 Stealth
 - Level 5.2 Shields
 + Level 10.6 Spellcasting
 - Level 19.3 Conjurations
 - Level 5.1 Hexes
 + Level 5.0 Summonings
 - Level 4.0 Translocations
 - Level 5.0 Air Magic


You had one spell level left.
You knew the following spells:

 Your Spells              Type           Power      Damage    Failure   Level
a - Magic Dart            Conj           100%       1d8       0%          1
b - Searing Ray           Conj           100%       2d8       0%          2
c - Fulminant Prism       Conj/Hex       32%        3d15      1%          4
d - Iskenderun's Mystic   Conj/Tloc      64%        2d13      1%          4
e - Orb of Destruction    Conj           42%        9d12      1%          7
f - Iskenderun's Battles  Conj           84%        2d13      1%          5
g - Swiftness             Air            38%        N/A       3%          3
h - Stone Arrow           Conj/Erth      100%       3d13      1%          3
i - Freezing Cloud        Conj/Ice/Air   26%        6-21      2%          5

Your spell library contained the following spells:

 Spells                   Type           Power      Damage    Failure   Level
 Sandblast                Erth           26%        2d8       2%          1
 Dazzling Flash           Conj/Hex       100%       N/A       1%          3
 Flame Wave               Conj/Fire      58%        2d14      1%          4
 Sticky Flame             Conj/Fire      58%        2d7       1%          4
 Inner Flame              Hex/Fire       26%        N/A       2%          3
 Summon Guardian Golem    Hex/Summ       38%        N/A       3%          3
 Ensorcelled Hibernation  Hex/Ice        52%        N/A       4%          2
 Iron Shot                Conj/Erth      29%        9d6       7%          6
 Passwall                 Tmut/Erth      10%        N/A       13%         2
 Spellforged Servitor     Conj/Summ      32%        N/A       13%         7
 Yara's Violent Unravell  Hex/Tmut       13%        3d7       21%         5
 Spider Form              Tmut/Pois      13%        N/A       26%         3
 Anguish                  Hex/Necr       13%        N/A       30%         4
 Enfeeble                 Hex            19%        N/A       100%        7


Dungeon Overview and Level Annotations

Branches:
Dungeon (15/15)            Temple (1/1) D:7            Lair (5/5) D:10
  Swamp (0/4) Lair:2       Spider (0/4) Lair:2        Slime (0/5) Lair:5
    Orc (2/2) D:10         Vaults (0/5) D:14          Sewer (visited)
 Bailey (visited)           IceCv (visited)
    Elf: Orc:2       Depths: D:15

Altars:
Ashenzari
Dithmenos
Elyvilon
Fedhas
Hepliaklqana
Makhleb
Nemelex Xobeh
Okawaru
Ru
Sif Muna
Vehumet
Wu Jian
Yredelemnul
Zin
The Shining One

Shops:
D:8 :   D:15 ((   Orc:2 (

Portals:
Trove: D:13 (give +4 ice dragon scales)

Annotations:
D:9 5 transporters
Lair:5 3 runed translucent doors, Novit's ghost, journeyman OpAE


Innate Abilities, Weirdness & Mutations

You have a beak for a mouth.
You have claws for feet.
Your magical nature lets you fly swiftly and evasively.


Message History

The mystic blast hits the ogre!!
You kill the ogre!
Vehumet accepts your kill.
The mystic blast hits the troll!
The troll is severely wounded.
The troll is knocked back by the mystic blast.
The troll collides with the ogre!
The ogre is heavily wounded.
The troll is almost dead.
The mystic blast hits the two-headed ogre but does no damage.
The two-headed ogre is lightly wounded.
The mystic blast hits the two-headed ogre!!
The two-headed ogre is severely wounded.
The two-headed ogre is knocked back by the mystic blast.
The two-headed ogre collides with the orc warrior!
The orc warrior is lightly wounded.
The two-headed ogre is almost dead.
The mystic blast hits the two-headed ogre!
The two-headed ogre is moderately wounded.
The mystic blast hits the troll!
The troll is heavily wounded.
The troll is knocked back by the mystic blast.
The troll collides with the troll!
The troll is heavily wounded.
The troll is severely wounded.
The mystic blast hits the troll!!
The troll is almost dead.
The troll is knocked back by the mystic blast.
The troll slams into the rock wall!
The troll is almost dead.
The mystic blast hits the ogre!
You kill the ogre!
Vehumet accepts your kill.
The mystic blast hits the ogre.
The ogre is almost dead.
The ogre is knocked back by the mystic blast.
An ogre comes into view. It is wielding a +0 giant club.
The orc high priest calls down the wrath of Beogh upon you.
Beogh smites you!
The cyclops throws a large rock.
The large rock hits you!!!
You die...

#..........
..........
..........
##.)oooOT..
##..O.[O....
..##...)O))To..
......T.O.O.O∩.
.....O.@.OOCTTO
..#....#..)Co..
....... .).TO..
#...)..


TTOo... ##.#..T h..Oo.. # #... O.#.O.. .... ..o.... .#..# ... O.. You could see
an orc high priest, 7 two-headed ogres, an ogre mage, 2 deep trolls, 2 cyclopes,
7 trolls, a warg, 3 orc warriors, 9 ogres, 2 orc wizards and 2 orcs.

Vanquished Creatures
  A stone giant (D:15)
  Harold (D:11)
  4 vault guards (D:14)
  6 hydras
  3 ogre magi
  2 catoblepae
  A boulder beetle (D:14)
  4 centaur warriors
  10 two-headed ogres
  4 tengu warriors (D:15)
  Urug (D:11)
  Nergalle (D:11)
  The ghost of SleepySteel the Fighter, a novice MiFi (D:5)
  2 lindwurms (Lair:2)
  5 deep elf pyromancers
  A phantasmal warrior (D:15)
  A deep elf zephyrmancer (D:6)
  A wolf spider (Lair:2)
  7 ugly things
  2 oklob plants
  9 slime creatures
  5 cyclopes
  3 manticores
  4 black mambas
  4 gargoyles
  A torpor snail (Lair:2)
  2 unseen horrors
  5 kobold demonologists (D:10)
  A freezing wraith (D:14)
  3 cane toads
  A rime drake (Lair:5)
  3 komodo dragons
  4 tengu conjurers (D:14)
  An efreet (D:13)
  9 trolls
  4 polar bears
  13 hornets
  Grinder (D:4)
  5 blink frogs (Lair:2)
  A vampire (D:9)
  4 shadows
  3 wraiths
  7 wyverns
  46 yaks
  A water elemental (D:13)
  A spriggan (Lair:3)
  Eustachio (D:4)
  2 basilisks
  2 death yak simulacra (IceCv)
  6 vampire mosquitoes
  5 wargs
  An acid dragon (D:11)
  6 water moccasins
  A hell hound (Lair:5)
  2 black bears (D:6)
  18 orc warriors
  3 sky beasts
  21 wolves
  19 ogres
  3 boggarts (D:15)
  4 centaurs
  7 bullfrogs
  6 kobold brigands
  A cane toad simulacrum (IceCv)
  2 necrophages (D:6)
  3 scorpions
  12 wights
  6 killer bees
  5 howler monkeys
  9 electric eels
  2 jellies
  6 hounds
  11 orc priests
  Crazy Yiuf (D:4)
  3 iguanas
  14 orc wizards
  2 polar bear simulacra (IceCv)
  15 gnolls
  7 adders
  8 river rats
  A shadow imp (D:4)
  3 white imps
  An ufetubus (D:6)
  A dart slug (D:5)
  7 worms
  58 orcs
  7 ball pythons
  A bat (D:3)
  2 endoplasms
  2 giant cockroaches (D:5)
  11 goblins
  6 hobgoblins
  5 jackals
  15 kobolds
  11 quokkas
  6 frilled lizards
  29 rats
  A spectral hobgoblin (D:10)
  2 fulminant prisms
582 creatures vanquished.

Vanquished Creatures (others)
  A water moccasin (D:9)
  A bullfrog (D:9)
  223 fulminant prisms
  18 fungi
  37 plants
  4 toadstools (Lair:2)
  4 withered plants (Lair:5)
288 creatures vanquished.

Grand Total: 870 creatures vanquished

Notes
Turn   | Place    | Note
-------+----------+-------------------------------------------
     0 | D:1      | hikkokomori the Tengu Conjurer began the quest for the Orb.
     0 | D:1      | Reached XP level 1. HP: 10/10 MP: 4/4
   269 | D:1      | Reached XP level 2. HP: 15/15 MP: 4/6
  1063 | D:2      | Learned a level 2 spell: Searing Ray
  1295 | D:2      | Found a faded altar of an unknown god.
  1351 | D:2      | Reached XP level 3. HP: 19/19 MP: 4/7
  1411 | D:2      | Reached skill level 6 in Conjurations
  2077 | D:3      | Reached XP level 4. HP: 21/24 MP: 4/9
  2525 | D:3      | Gained mutation: Your magical nature lets you fly swiftly
                  | and evasively. [Tengu growth]
  2525 | D:3      | Reached XP level 5. HP: 23/28 MP: 11/11
  2530 | D:3      | Learned a level 4 spell: Fulminant Prism
  2535 | D:3      | Learned a level 4 spell: Iskenderun's Mystic Blast
  3187 | D:4      | Reached skill level 7 in Conjurations
  3617 | D:4      | Noticed Grinder
  3627 | D:4      | Killed Grinder
  3628 | D:4      | Reached skill level 1 in Fighting
  3628 | D:4      | Reached skill level 1 in Hexes
  3628 | D:4      | Reached XP level 6. HP: 3/35 MP: 0/13
  4084 | D:4      | Reached XP level 7. HP: 40/40 MP: 3/14
  4272 | D:4      | Found a runed translucent door.
  4273 | D:4      | Noticed Crazy Yiuf
  4723 | D:4      | Killed Crazy Yiuf
  4901 | D:5      | Entered Level 5 of the Dungeon
  4901 | D:5      | Found a runed translucent door.
  4915 | D:5      | Reached skill level 8 in Conjurations
  4933 | D:5      | Noticed SleepySteel's ghost (novice MiFi)
  4969 | D:5      | Found a glowing drain.
  5050 | Sewer    | Entered a sewer
  5241 | Sewer    | Reached XP level 8. HP: 46/46 MP: 7/16
  5245 | Sewer    | Reached skill level 5 in Spellcasting
  5328 | Sewer    | Found a white marble altar of Elyvilon.
  5547 | D:5      | Noticed Eustachio
  5570 | D:4      | Killed Eustachio
  5571 | D:4      | Reached skill level 9 in Conjurations
  6273 | D:5      | Found a runed translucent door.
  6295 | D:5      | Reached skill level 5 in Fighting
  6295 | D:5      | Reached skill level 1 in Short Blades
  6295 | D:5      | Reached XP level 9. HP: 54/54 MP: 15/18
  6532 | D:5      | Found a sparkling altar of Nemelex Xobeh.
  6739 | D:6      | Reached skill level 10 in Conjurations
  7352 | D:6      | Reached skill level 1 in Shields
  7595 | D:6      | Found an iron altar of Okawaru.
  7598 | D:6      | Found a sacrificial altar of Ru.
  7599 | D:6      | Found a shadowy altar of Dithmenos.
  7600 | D:6      | Found a white marble altar of Elyvilon.
  7654 | D:6      | Noticed a deep elf zephyrmancer
  7659 | D:6      | Killed a deep elf zephyrmancer
  7713 | D:7      | Found a staircase to the Ecumenical Temple.
  7721 | Temple   | Entered the Ecumenical Temple
  7726 | Temple   | Became a worshipper of Vehumet
  7758 | D:7      | Reached skill level 11 in Conjurations
  8137 | D:7      | Found an ornate altar of the Wu Jian Council.
  8457 | D:8      | Reached XP level 10. HP: 61/61 MP: 14/19
  9389 | D:8      | Found Demeann's Book Boutique.
  9544 | D:8      | Reached skill level 12 in Conjurations
  9708 | D:9      | Found a transporter.
  9720 | D:9      | Noticed a centaur warrior
  9722 | D:9      | Noticed a seven-headed hydra
  9723 | D:9      | Found a transporter.
  9727 | D:9      | Noticed a centaur warrior
  9729 | D:9      | Noticed a kobold demonologist
  9730 | D:9      | Reached * piety under Vehumet
  9730 | D:9      | Offered knowledge of Sandblast by Vehumet.
  9733 | D:9      | Learned a level 1 spell: Sandblast
  9836 | D:9      | Found a transporter.
  9895 | D:9      | Reached skill level 1 in Translocations
 10063 | D:9      | Found a blossoming altar of Fedhas.
 10194 | D:9      | Reached skill level 5 in Shields
 10442 | D:9      | Found a transporter.
 10442 | D:9      | Found a transporter.
 10689 | D:8      | Bought a book of Power for 462 gold pieces
 10695 | D:8      | Learned a level 5 spell: Iskenderun's Battlesphere
 10746 | D:10     | Entered Level 10 of the Dungeon
 10913 | D:10     | Found a glowing golden altar of the Shining One.
 10930 | D:10     | Found a flagged portal.
 10955 | Bailey   | Entered a bailey
 11163 | Bailey   | Reached skill level 13 in Conjurations
 11233 | Bailey   | Offered knowledge of Freeze by Vehumet.
 11238 | Bailey   | Learned a level 3 spell: Swiftness
 11295 | Bailey   | Reached ** piety under Vehumet
 11505 | D:10     | Noticed a kobold demonologist
 11517 | D:10     | Killed a kobold demonologist
 11539 | D:10     | Noticed a two-headed ogre
 11596 | D:10     | Killed a two-headed ogre
 11597 | D:10     | Reached XP level 11. HP: 53/67 MP: 1/20
 12117 | D:10     | Found a staircase to the Lair.
 12295 | D:10     | Reached skill level 14 in Conjurations
 12295 | D:10     | Noticed a sun demon
 13162 | D:10     | Found a staircase to the Orcish Mines.
 13226 | D:10     | Found a hazy altar of Hepliaklqana.
 13420 | Lair:1   | Entered Level 1 of the Lair of Beasts
 13428 | Lair:1   | Reached skill level 5 in Hexes
 13428 | Lair:1   | Reached skill level 1 in Air Magic
 13489 | D:10     | Reached skill level 15 in Conjurations
 13494 | D:10     | Offered knowledge of Stone Arrow by Vehumet.
 14104 | Lair:1   | Reached *** piety under Vehumet
 14128 | Lair:1   | Reached skill level 5 in Air Magic
 14128 | Lair:1   | Reached XP level 12. HP: 65/72 MP: 11/23
 14519 | Lair:2   | Identified the +9 flail of Quick Death {vorpal, rElec rPois
                  | Int+3}
 14606 | Lair:2   | Reached skill level 1 in Maces & Flails
 14905 | Lair:2   | Reached skill level 16 in Conjurations
 14957 | Lair:2   | Learned a level 3 spell: Stone Arrow
 14982 | Lair:2   | Offered knowledge of Airstrike by Vehumet.
 15159 | Lair:2   | Found a staircase to the Swamp.
 15478 | Lair:2   | Noticed a catoblepas
 15500 | Lair:2   | Found a runed translucent door.
 15625 | Lair:2   | Found a hole to the Spider Nest.
 16120 | Lair:2   | Killed a catoblepas
 16299 | Lair:3   | Reached skill level 5 in Maces & Flails
 16351 | Lair:3   | Reached **** piety under Vehumet
 16353 | Lair:3   | Offered knowledge of Ignite Poison by Vehumet.
 16423 | Lair:3   | Noticed a catoblepas
 16442 | Lair:3   | Killed a catoblepas
 16554 | Lair:3   | Reached skill level 17 in Conjurations
 16751 | Lair:3   | Reached XP level 13. HP: 76/76 MP: 20/26
 17694 | Lair:4   | You are sucked into a shaft and drop 1 floor!
 17694 | Lair:5   | Entered Level 5 of the Lair of Beasts
 17716 | Lair:5   | Found a runed translucent gate.
 17717 | Lair:5   | Found a runed translucent gate.
 17719 | Lair:5   | Found a runed translucent gate.
 17741 | Lair:5   | Noticed Novit's ghost (journeyman OpAE)
 17746 | Lair:5   | Reached skill level 5 in Dodging
 17750 | Lair:5   | Reached skill level 5 in Stealth
 17791 | Lair:5   | Reached ***** piety under Vehumet
 17848 | Lair:5   | Found a frozen archway.
 17860 | IceCv    | Entered an ice cave
 17870 | IceCv    | Offered knowledge of Yara's Violent Unravelling by Vehumet.
 18013 | IceCv    | Found a transporter.
 18020 | IceCv    | Found a transporter.
 18040 | IceCv    | Learned a level 5 spell: Yara's Violent Unravelling
 18743 | D:8      | Bought a book of Dangerous Friends for 440 gold pieces
 18756 | D:8      | Learned a level 7 spell: Orb of Destruction
 18849 | D:5      | Killed SleepySteel's ghost
 19391 | D:11     | Noticed Urug
 19394 | D:11     | Killed Urug
 19528 | D:11     | Noticed Harold
 19534 | D:11     | Killed Harold
 19816 | D:11     | Reached skill level 18 in Conjurations
 20059 | D:11     | Noticed Nergalle
 20063 | D:11     | Killed Nergalle
 21089 | D:12     | Reached XP level 14. HP: 82/82 MP: 13/28
 21289 | D:12     | Reached skill level 10 in Spellcasting
 22040 | D:13     | Reached skill level 1 in Armour
 22496 | D:13     | Found a portal to a secret trove of treasure.
 23150 | D:14     | Found a gate to the Vaults.
 23498 | D:14     | Found a glowing silver altar of Zin.
 23498 | D:14     | Noticed an angel
 23878 | D:14     | Reached skill level 19 in Conjurations
 24687 | D:14     | Learned a level 3 spell: Summon Guardian Golem
 24805 | D:14     | Reached skill level 1 in Summonings
 25346 | D:15     | Entered Level 15 of the Dungeon
 25556 | D:15     | Found Gog Lebo's Antique Weapon Emporium.
 25560 | D:15     | Found Haulep's Weapon Emporium.
 25684 | D:15     | Offered knowledge of Freezing Cloud by Vehumet.
 25853 | D:15     | HP: 3/86 [tengu warrior/+3 bardiche (5)]
 25899 | D:15     | Reached XP level 15. HP: 55/90 MP: 9/30
 26684 | D:15     | Reached skill level 10 in Dodging
 26978 | Orc:1    | Entered Level 1 of the Orcish Mines
 27701 | Orc:2    | Entered Level 2 of the Orcish Mines
 27709 | Orc:2    | Noticed an orc warlord
 27815 | Orc:2    | Found Fogor's Antique Weapon Emporium.
 27820 | Orc:2    | Reached skill level 5 in Summonings
 27828 | Orc:1    | Learned a level 5 spell: Freezing Cloud
 27953 | Orc:2    | Hit by a large rock thrown by a cyclops

Illustrated notes

Levels and vault maps discovered:
D:1:      roderic_crop_circles_arrival_small, layout_basic
D:2:      layout_basic, nicolae_ecumenical_oubliette
D:3:      layout_loops_cross, corexii_leaking_fountain, nrook_uturn,
          nrook_mini_backslash, corexii_shack, minmay_distorted
D:4:      layout_basic, kennysheep_generic_room_7, uniq_grinder,
          uniq_crazy_yiuf_cottage
D:5:      layout_cave_pools, nemelex_dance_club_becter, ebering_ghost_sewer_f,
          cheibrodos_sewer_entry_drain, uniq_eustachio
D:6:      lemuel_ratsnest, layout_loops_cross, mainiacjoe_overflow_alcove_3,
          guppyfry_early_elven_hall
D:7:      layout_rooms, lemuel_round_altar, minmay_temple_entry_purple_smoke
D:8:      layout_basic, serial_shops, kennysheep_little_box,
          minmay_misc_feat_diagonals, minmay_misc_feat_more_columns
D:9:      gammafunk_the_bubble [the_bubble_gammafunk_roulette], layout_basic,
          fedhas_altar_1
D:10:     layout_rooms, mainiacjoe_overflow_concentric_impassable,
          nicolae_hepliaklqana_monster_ancestors, erik_lair_island,
          minmay_orc_entry_guard_dogs, serial_corexii_hall,
          corexii_hall_statues_deadend, chequers_hall_statues_wall_a,
          chequers_hall_statues_y, enter_bailey_3
D:11:     layout_grid_maze, uniq_harold, uniq_nergalle, uniq_urug
D:12:     layout_stronghold, hangedman_corner_corridor
D:13:     layout_roguey, enter_trove_1, hive_lemuel
D:14:     layout_irregular_city, lightli_vaults_fourway_checkpoint, zin_angel
D:15:     grunt_enter_depths_snipers, layout_rooms, serial_shops, shop,
          nicolae_shop_bloodbath_and_beyond, hangedman_decor_riveting
Temple:   nicolae_temple_ecumenical_triangle
Lair:1:   layout_gridlike
Lair:2:   gammafunk_lair_enchanted_lake, layout_regular_city, swamp_mist,
          spider_nest_entry_rubble, guppyfry_lair_drakes
Lair:3:   layout_roguey, grunt_forest_large_clearing_hut,
          infiniplex_staircase_pool_2, serial_bayou_shore_b
Lair:4:   layout_roguey
Lair:5:   hangedman_lair_caniforms_friends, layout_gridlike,
          minmay_slime_entry_oklob_enclosed, portal_ice_cave_entry_pillars_2,
          gammafunk_ghost_cemetery, serial_bayou_pond_a
Orc:1:    layout_caves
Orc:2:    st_orc_open, layout_caves

Skill      XL: |  1  2  3  4  5  6  7  8  9 10 11 12 13 14 15 |
---------------+----------------------------------------------+-----
Conjurations   | 6 7 8 9 11 13 15 17 18 19 | 19.3
Spellcasting   | 3 4 5 6 8 9 10 | 10.6
Fighting       | 1 2 3 5 6 7 9 |  9.2
Hexes          | 1 2 3 4 5 |  5.1
Short Blades   | 1 2 |  2.1
Shields        | 4 5 |  5.2
Translocations | 2 4 |  4.0
Air Magic      | 5 |  5.0
Maces & Flails | 5 |  5.0
Dodging        | 4 7 9 10 | 10.2
Stealth        | 3 7 8 |  8.1
Armour         | 4 |  4.6
Summonings     | 3 5 |  5.0

Action                   |  1- 3 |  4- 6 |  7- 9 | 10-12 | 13-15 || total
-------------------------+-------+-------+-------+-------+-------++-------
Melee: Spear             |     6 |    13 |       |       |       ||    19
       Kick              |     2 |     6 |    22 |    50 |    11 ||    91
       Hand axe          |       |    24 |       |       |       ||    24
       Dagger            |       |     3 |    62 |    83 |       ||   148
       Peck              |       |     3 |    14 |    27 |     3 ||    47
       Punch             |       |       |     3 |       |       ||     3
       Flail             |       |       |       |    44 |    34 ||    78
 Fire: Shortbow          |       |     1 |   108 |    18 |       ||   127
 Cast: Magic Dart        |    57 |    27 |    45 |   170 |    78 ||   377
       Searing Ray       |     1 |     5 |    29 |    24 |     9 ||    68
       Fulminant Prism   |       |     4 |    19 |    99 |   103 ||   225
       Iskenderun's Myst |       |       |     1 |     6 |    36 ||    43
       Iskenderun's Batt |       |       |       |    24 |    13 ||    37
       Sandblast         |       |       |       |     4 |       ||     4
       Stone Arrow       |       |       |       |     3 |    32 ||    35
       Swiftness         |       |       |       |     1 |     7 ||     8
       Orb of Destructio |       |       |       |       |   105 ||   105
Evoke: Phial of floods   |       |       |       |     1 |     1 ||     2
       Wand              |       |       |       |     1 |     8 ||     9
  Use: Scroll            |       |       |     8 |     7 |    23 ||    38
       Potion            |       |       |     2 |     1 |     9 ||    12
 Stab: Sleeping          |     1 |     5 |       |     1 |       ||     7
Armor: Robe              |     1 |     5 |    17 |    11 |       ||    34
       Troll leather arm |       |       |       |    25 |    23 ||    48
Dodge: Dodged            |     1 |    34 |   105 |   250 |   171 ||   561
Block: Buckler           |       |       |       |    68 |    53 ||   121

Table legend: (Time is in decaauts)
 A = Elapsed time spent in this place.
 B = Non-inter-level travel time spent in this place.
 C = Inter-level travel time spent in this place.
 D = Time resting spent in this place.
 E = Time spent auto-exploring this place.
 F = Levels seen in this place.
 G = Mean time per level.
                   A        B        C        D        E       F      G
               +--------+--------+--------+--------+--------+-----+--------+
         Total |  26670 |  24907 |   1763 |   5287 |  14921 |  26 | 1025.8 |
       Dungeon |  20195 |  18715 |   1480 |   3914 |  11453 |  15 | 1346.3 |
        Temple |     11 |     11 |      0 |      0 |      0 |   1 |   11.0 |
          Lair |   4519 |   4269 |    250 |    628 |   2702 |   5 |  903.8 |
  Orcish Mines |    893 |    861 |     32 |    477 |    221 |   2 |  446.5 |
         Sewer |    297 |    297 |      0 |     63 |    176 |   1 |  297.0 |
        Bailey |    493 |    493 |      0 |     24 |    366 |   1 |  493.0 |
      Ice Cave |    259 |    259 |      0 |    181 |      1 |   1 |  259.0 |
               +--------+--------+--------+--------+--------+-----+--------+

Top non-repeatable levels by time:
    D:14: 2801 daAuts
    D:10: 2320 daAuts
     D:4: 1823 daAuts
  Lair:2: 1755 daAuts
     D:6: 1482 daAuts
    D:13: 1466 daAuts
    D:11: 1416 daAuts
    D:12: 1320 daAuts
     D:8: 1251 daAuts
     D:9: 1101 daAuts
  Lair:3: 1043 daAuts
     D:1: 1033 daAuts
     D:3: 1016 daAuts
     D:5: 1004 daAuts
     D:2: 990 daAuts
